 Dungeon Sprint DCSS version 0.26-a0-660-gc07710193c (webtiles) character file.

Game seed: 80512637912901144

18009 mhtbhm the Metallomancer (level 12, -3/88 HPs)
             Began as a Gargoyle Earth Elementalist on Oct 6, 2020.
             Was the Champion of Vehumet.
             Slain by a ghost moth (6 damage)
             ... in the Dungeon (Sprint VII: "The Pits").
             The game lasted 00:11:55 (3049 turns).

mhtbhm the Metallomancer (GrEE)                     Turns: 3049, Time: 00:11:56

Health: -3/88      AC: 11    Str: 13 (16) XL:     12   Next: 54%
Magic:  0/35       EV: 14    Int: 20      God:    Vehumet [******]
Gold:   0          SH:  0    Dex: 11 (13) Spells: 17/49 levels left

rFire    . . .     SeeInvis .   n - +1 quarterstaff (protect)
rCold    . . .     Faith    .   (shield currently unavailable)
rNeg     + . .     Spirit   .   c - +0 robe
rPois    ∞         Reflect  .   (no helmet)
rElec    +         Harm     .   s - +0 cloak
rCorr    .         Rampage  .   (no gloves)
MR       .....     NoTele   +   (no boots)
Stlth    ..........             (no amulet)
HPRegen  0.24/turn              p - +3 ring of strength
MPRegen  0.24/turn              q - +3 ring of dexterity

@: berserking, very quick
A: negative energy resistance 1, electricity resistance, unbreathing,
petrification resistance, rot immunity, AC +8
a: Renounce Religion


You were in the Dungeon.
You worshipped Vehumet.
Vehumet was exalted by your worship.
You visited 1 branch

Inventory:

Hand Weapons
 n - a +1 quarterstaff of protection (weapon)
Missiles
 b - 7 stones (quivered)
 o - 6 javelins
Armour
 c - a +0 robe (worn)
 s - a +0 cloak (worn)
Jewellery
 p - a +3 ring of strength (left hand)
 q - a +3 ring of dexterity (right hand)
Scrolls
 j - 2 scrolls of remove curse
 k - 5 scrolls of amnesia
 l - a scroll of summoning
 m - 2 scrolls of vulnerability
Potions
 d - 7 potions of curing
 e - 10 potions of heal wounds
 f - a potion of haste
 h - 3 potions of berserk rage
 r - a potion of resistance


   Skills:
 - Level 0.6 Staves
 + Level 5.1 Dodging
 - Level 3.0 Stealth
 + Level 19.4 Spellcasting
 + Level 4.2 Conjurations
 - Level 0.7 Transmutations
 + Level 0.2 Air Magic
 + Level 22.6 Earth Magic


You had 17 spell levels left.
You knew the following spells:

 Your Spells              Type           Power        Failure   Level
a - Sandblast             Erth           ######       0%          1
b - Passwall              Tmut/Erth      ######..     1%          2
c - Stone Arrow           Conj/Erth      ######       1%          3
d - Lee's Rapid Deconstr  Erth           #######...   0%          5
e - Petrify               Tmut/Erth      ######..     1%          4
f - Mephitic Cloud        Conj/Pois/Air  ####....     1%          3
g - Bolt of Magma         Conj/Fire/Erth ######....   1%          5
h - Shatter               Erth           #######...   7%          9

Your spell library contained the following spells:

 Spells                   Type           Power        Failure   Level
 Absolute Zero            Ice            ###.......   100%        9
 Tornado                  Air            ###.......   100%        9


Dungeon Overview and Level Annotations

Branches:
Dungeon (1/1)

Altars:
Ashenzari
Cheibriados
Dithmenos
Elyvilon
Fedhas
Gozag
Hepliaklqana
Kikubaaqudgha
Makhleb
Nemelex Xobeh
Okawaru
Qazlal
Ru
Sif Muna
Trog
Uskayaw
Vehumet
Wu Jian
Xom
Yredelemnul
Zin
The Shining One
Beogh
Jiyva
Lugonu


Innate Abilities, Weirdness & Mutations

You are resistant to torment.
Your stone body is resilient. (AC +8)
You are immune to poison.
You resist negative energy. (rN+)
You are resistant to electric shocks. (rElec)
You can survive without breathing.
You are immune to petrification.
You are immune to rotting.


Message History

Something stings you but does no damage.
You barely miss something.
You feel you are being watched by something.
Something hits you.
* * * LOW HITPOINT WARNING * * *
You feel weakened. Something barely misses you.
Something stings you but does no damage.
You feel you are being watched by something.
Something hits you.
* * * LOW HITPOINT WARNING * * *
Something hits you.
* * * LOW HITPOINT WARNING * * *
You feel clumsy. Something barely misses you.
You closely miss something.
You feel you are being watched by something.
Something completely misses you. Something hits you but does no damage.
Something stings you.
You die...

#....###...###...#...#
#...##.'...'.##.....# ##
#..##.)##'##..##...# ..##.
#..#..##...##..'...#......
#..#..#...).#).#...#....#.
#..'..))..).))†')..'......
#..#).#.....#).#)..#....#.
#..#..##...##.)){..# .....
#..##..##'##..##@..## .##.
#...##.'..)).##.....# #
#....###...###...#...#
#....†.#...+....###...#
################ ####


There were no monsters in sight!

Vanquished Creatures
  A war gargoyle (D)
  Azrael (D)
  A boulder beetle (D)
  2 two-headed ogres (D)
  A death yak (D)
  Urug (D)
  A sea snake (D)
  A lindwurm (D)
  An orc knight (D)
  2 deep elf magi (D)
  An orc sorcerer (D)
  A black mamba (D)
  2 smoke demons (D)
  A cane toad (D)
  A rime drake (D)
  2 komodo dragons (D)
  An ice devil (D)
  2 guardian mummies (D)
  A kobold demonologist (D)
  A merfolk (D)
  A large abomination (D)
  5 slime creatures (D)
  11 blink frogs (D)
  A hornet (D)
  Sigmund (D)
  A redback (D)
  A tarantella (D)
  4 fire elementals (D)
  A fire bat (D)
  4 vampire mosquitoes (D)
  A soldier ant (D)
  3 hell hounds (D)
  An acid dragon (D)
  A water moccasin (D)
  An orc warrior (D)
  2 swamp drakes (D)
  An ice beast (D)
  A black bear (D)
  5 wolves (D)
  3 big kobolds (D)
  A gnoll sergeant (D)
  A bullfrog (D)
  2 scorpions (D)
  2 crimson imps (D)
  A quasit (D)
  An iron imp (D)
  A gnoll shaman (D)
  2 orc wizards (D)
  A worker ant (D)
  10 gnolls (D)
  2 adders (D)
  An ooze (D)
  A leopard gecko (D)
  5 orcs (D)
  A goblin (D)
  A hobgoblin (D)
  7 jackals (D)
  A ball python skeleton (D)
  2 bats (D)
  3 kobolds (D)
  2 rats (D)
122 creatures vanquished.

Vanquished Creatures (others)
  A blink frog (D)
1 creature vanquished.

Grand Total: 123 creatures vanquished

Notes
Turn   | Place    | Note
-------+----------+-------------------------------------------
     0 | D        | mhtbhm the Gargoyle Earth Elementalist began the quest for
                  | the Orb.
     0 | D        | Reached XP level 1. HP: 10/10 MP: 3/3
     9 | D        | Reached skill level 4 in Earth Magic
    15 | D        | Found a bloodstained altar of Trog.
    15 | D        | Found a shimmering blue altar of Sif Muna.
    15 | D        | Found a viscous altar of Jiyva.
    15 | D        | Found a hazy altar of Hepliaklqana.
    15 | D        | Found an opulent altar of Gozag.
    16 | D        | Found a glowing golden altar of the Shining One.
    16 | D        | Found a glowing silver altar of Zin.
    16 | D        | Found a basalt altar of Yredelemnul.
    16 | D        | Found a shimmering altar of Xom.
    16 | D        | Found an ornate altar of the Wu Jian Council.
    16 | D        | Found a sacrificial altar of Ru.
    16 | D        | Found a stormy altar of Qazlal.
    16 | D        | Found an iron altar of Okawaru.
    16 | D        | Found a sparkling altar of Nemelex Xobeh.
    16 | D        | Found a burning altar of Makhleb.
    16 | D        | Found a blossoming altar of Fedhas.
    16 | D        | Found a white marble altar of Elyvilon.
    16 | D        | Found a shadowy altar of Dithmenos.
    16 | D        | Found a snail-covered altar of Cheibriados.
    18 | D        | Found a radiant altar of Vehumet.
    18 | D        | Found a corrupted altar of Lugonu.
    18 | D        | Found a roughly hewn altar of Beogh.
    19 | D        | Found a hide-covered altar of Uskayaw.
    19 | D        | Found an ancient bone altar of Kikubaaqudgha.
    19 | D        | Found a broken altar of Ashenzari.
    28 | D        | Became a worshipper of Vehumet
   103 | D        | Reached * piety under Vehumet
   103 | D        | Offered knowledge of Shock by Vehumet.
   107 | D        | Reached skill level 5 in Earth Magic
   107 | D        | Reached XP level 2. HP: 9/15 MP: 0/5
   112 | D        | Reached ** piety under Vehumet
   228 | D        | Reached skill level 6 in Earth Magic
   228 | D        | Reached XP level 3. HP: 19/19 MP: 1/8
   291 | D        | Learned a level 2 spell: Passwall
   295 | D        | Learned a level 3 spell: Stone Arrow
   302 | D        | Offered knowledge of Magic Dart by Vehumet.
   302 | D        | Reached skill level 7 in Earth Magic
   311 | D        | Reached *** piety under Vehumet
   311 | D        | Reached skill level 8 in Earth Magic
   311 | D        | Reached XP level 4. HP: 24/24 MP: 3/10
   443 | D        | Noticed Sigmund
   444 | D        | Noticed an orc warrior
   446 | D        | Offered knowledge of Mephitic Cloud by Vehumet.
   451 | D        | Reached **** piety under Vehumet
   451 | D        | Reached skill level 5 in Spellcasting
   451 | D        | Reached skill level 9 in Earth Magic
   451 | D        | Reached XP level 5. HP: 28/28 MP: 8/12
   458 | D        | HP: 1/28 [orc warrior/+0 hand axe (7)]
   464 | D        | Killed an orc warrior
   464 | D        | Reached skill level 10 in Earth Magic
   467 | D        | Killed Sigmund
   467 | D        | Reached ***** piety under Vehumet
   467 | D        | Reached skill level 1 in Conjurations
   467 | D        | Reached skill level 11 in Earth Magic
   467 | D        | Reached XP level 6. HP: 32/32 MP: 7/17
   547 | D        | Learned a level 5 spell: Lee's Rapid Deconstruction
   552 | D        | Learned a level 4 spell: Petrify
   556 | D        | Learned a level 3 spell: Mephitic Cloud
   567 | D        | Offered knowledge of Hailstorm by Vehumet.
   567 | D        | Reached skill level 12 in Earth Magic
   567 | D        | Reached XP level 7. HP: 23/36 MP: 8/19
   676 | D        | Noticed an ice devil
   680 | D        | Killed an ice devil
   680 | D        | Reached skill level 10 in Spellcasting
   803 | D        | Noticed a fire bat
   804 | D        | Offered knowledge of Iskenderun's Battlesphere by Vehumet.
   804 | D        | Killed a fire bat
   804 | D        | Reached skill level 13 in Earth Magic
   804 | D        | Reached XP level 8. HP: 41/41 MP: 20/22
   931 | D        | Noticed Urug
   941 | D        | Killed Urug
   941 | D        | Reached skill level 14 in Earth Magic
   944 | D        | Reached XP level 9. HP: 33/45 MP: 6/25
  1119 | D        | Noticed a komodo dragon
  1120 | D        | Noticed a komodo dragon
  1122 | D        | Killed a komodo dragon
  1122 | D        | Offered knowledge of Irradiate by Vehumet.
  1122 | D        | Reached skill level 15 in Earth Magic
  1123 | D        | Killed a komodo dragon
  1209 | D        | Reached skill level 16 in Earth Magic
  1312 | D        | Reached ****** piety under Vehumet
  1316 | D        | Noticed Azrael
  1317 | D        | Offered knowledge of Bolt of Magma by Vehumet.
  1321 | D        | Killed Azrael
  1321 | D        | Reached skill level 17 in Earth Magic
  1321 | D        | Reached XP level 10. HP: 39/50 MP: 21/28
  1364 | D        | Reached skill level 15 in Spellcasting
  1371 | D        | Learned a level 5 spell: Bolt of Magma
  1417 | D        | Reached skill level 18 in Earth Magic
  1479 | D        | Offered knowledge of Freezing Cloud by Vehumet.
  1480 | D        | Noticed a deep elf mage
  1482 | D        | Killed a deep elf mage
  1543 | D        | Noticed a death yak
  1547 | D        | Killed a death yak
  1650 | D        | Noticed a two-headed ogre
  1658 | D        | Reached skill level 19 in Earth Magic
  1658 | D        | Killed a two-headed ogre
  1658 | D        | Reached XP level 11. HP: 54/54 MP: 5/31
  1852 | D        | Offered knowledge of Spellforged Servitor by Vehumet.
  1933 | D        | Noticed a deep elf mage
  1940 | D        | Killed a deep elf mage
  2064 | D        | Offered knowledge of Iron Shot by Vehumet.
  2064 | D        | Reached skill level 20 in Earth Magic
  2200 | D        | Noticed a lindwurm
  2204 | D        | Killed a lindwurm
  2206 | D        | Noticed an orc knight
  2209 | D        | Killed an orc knight
  2351 | D        | Noticed an orc sorcerer
  2352 | D        | Offered knowledge of Orb of Destruction by Vehumet.
  2355 | D        | Noticed a war gargoyle
  2355 | D        | Noticed a boulder beetle
  2356 | D        | Reached skill level 21 in Earth Magic
  2356 | D        | Killed an orc sorcerer
  2362 | D        | Killed a war gargoyle
  2362 | D        | Reached XP level 12. HP: 41/59 MP: 18/34
  2374 | D        | Killed a boulder beetle
  2501 | D        | Noticed a two-headed ogre
  2512 | D        | Reached skill level 22 in Earth Magic
  2520 | D        | Killed a two-headed ogre
  2534 | D        | Reached skill level 5 in Dodging
  2610 | D        | Offered knowledge of Lehudib's Crystal Spear by Vehumet.
  2830 | D        | Offered knowledge of Shatter by Vehumet.
  2830 | D        | Offered knowledge of Tornado by Vehumet.
  2830 | D        | Offered knowledge of Absolute Zero by Vehumet.
  2842 | D        | Learned a level 9 spell: Shatter
  3048 | D        | HP: 3/88 [something (4)]
  3049 | D        | Slain by a ghost moth

Illustrated notes

Levels and vault maps discovered:
D:        pitsprint [storerooms_1, entrance_room_1, metal_vault_6, armoury_3,
          mini_pit_1, grid_room_1, main_hall_1, silver_pit, the_coven_1,
          the_vestibule_1, steel_vault_1, golden_pit, hallway_of_sentries,
          crystal_vault_5, iron_vault_4, final_vault]

Skill      XL: |  1  2  3  4  5  6  7  8  9 10 11 12 |
---------------+-------------------------------------+-----
Earth Magic    | 5 6 8 9 11 12 13 14 17 19 21 22 | 22.6
Dodging        | 2 3 4 5 |  5.1
Spellcasting   | 3 4 5 8 9 10 12 14 16 18 19 | 19.4
Stealth        | 3 |  3.0
Conjurations   | 1 2 3 4 |  4.2
Staves         | |  0.6
Transmutations | |  0.7
Air Magic      | |  0.2

Action                   |  1- 3 |  4- 6 |  7- 9 | 10-12 || total
-------------------------+-------+-------+-------+-------++-------
Melee: Quarterstaff      |     6 |     1 |       |    12 ||    19
 Cast: Sandblast         |    14 |    17 |       |     8 ||    39
       Stone Arrow       |     1 |     6 |     4 |     8 ||    19
       Lee's Rapid Decon |       |       |    26 |    79 ||   105
       Petrify           |       |       |     1 |     4 ||     5
       Mephitic Cloud    |       |       |       |     1 ||     1
  Use: Potion            |       |     3 |     3 |    11 ||    17
       Scroll            |       |       |       |     2 ||     2
 Stab: Distracted        |       |       |       |     1 ||     1
Armor: Robe              |     4 |     6 |     4 |    29 ||    43
Dodge: Dodged            |    10 |    16 |     3 |    26 ||    55

Table legend: (Time is in decaauts)
 A = Elapsed time spent in this place.
 B = Non-inter-level travel time spent in this place.
 C = Inter-level travel time spent in this place.
 D = Time resting spent in this place.
 E = Time spent auto-exploring this place.
 F = Levels seen in this place.
 G = Mean time per level.
                   A        B        C        D        E       F      G
               +--------+--------+--------+--------+--------+-----+--------+
         Total |   3048 |   3048 |      0 |   2066 |      0 |   1 | 3048.0 |
       Dungeon |   3048 |   3048 |      0 |   2066 |      0 |   1 | 3048.0 |
               +--------+--------+--------+--------+--------+-----+--------+

Top non-repeatable levels by time:
       D: 3048 daAuts
